| TOP OF THE 1ST |
|
Arkansas Travelers batting - Pitching for Northwest Arkansas Naturals : RHP Josh Cornishen
|
|
Pitching: RHP Josh Cornishen
|
|
|
Batting: RHB Andres Mendiola
|
0-0: Fly out, F8 (Flyball, 8LS, EV 87.5 MPH)
|
|
Batting: RHB Jasper Burd
|
0-0: Ball 1-0: Ball 2-0: Called Strike 2-1: Ball 3-1: Called Strike 3-2: Foul Ball, location: 2F 3-2: Base on Balls
|
|
Batting: SHB Mario Padron
|
0-0: Ball 1-0: Called Strike Jasper Burd steals 2nd, throwing error, E2 Jasper Burd to third 1-1: Ball 2-1: Called Strike 2-2: Fly out, F8 (Flyball, 8RD, EV 75.6 MPH) Runner from 3rd tags up, SCORES, throw by CF
|
|
Batting: LHB Matt Calitri
|
0-0: Foul Ball, location: 2F 0-1: Foul Ball, location: 2F 0-2: Ball 1-2: Foul Ball, location: 2F 1-2: Ground out 4-3 (Groundball, 4, EV 81.9 MPH)
|
| Top of the 1st over - 1 run, 0 hits, 1 error, 0 left on base; Arkansas 1 - Northwest Arkansas 0 |
| BOTTOM OF THE 1ST |
|
Northwest Arkansas Naturals batting - Pitching for Arkansas Travelers : RHP Robbie Delgado
|
|
Pitching: RHP Robbie Delgado
|
|
|
Batting: SHB Jarrod Lindblad
|
0-0: Called Strike 0-1: Called Strike 0-2: Ball 1-2: Fly out, F8 (Flyball, 8RD, EV 95.6 MPH)
|
|
Batting: RHB Gavin Jones
|
0-0: Ground out 4-3 (Groundball, 6M, EV 107.5 MPH)
|
|
Batting: RHB Walt Cogswell
|
0-0: Foul Ball, location: 2F 0-1: Ground out 4-3 (Groundball, 4, EV 88.8 MPH)
|
| Bottom of the 1st over - 0 runs, 0 hits, 0 errors, 0 left on base; Arkansas 1 - Northwest Arkansas 0 |
| TOP OF THE 2ND |
|
Arkansas Travelers batting - Pitching for Northwest Arkansas Naturals : RHP Josh Cornishen
|
|
Batting: LHB Tyler Meier
|
0-0: Foul Ball, location: 2F 0-1: Ball 1-1: Ball 2-1: Swinging Strike 2-2: Ball 3-2: Foul Ball, location: 2F 3-2: Strikes out swinging
|
|
Batting: LHB Barrfhionn O'Toole
|
0-0: Called Strike 0-1: Ball 1-1: Foul Ball, location: 2F 1-2: Ball 2-2: Strikes out swinging
|
|
Batting: LHB Sean Corderman
|
0-0: Called Strike 0-1: Ball 1-1: Swinging Strike 1-2: Strikes out swinging
|
| Top of the 2nd over - 0 runs, 0 hits, 0 errors, 0 left on base; Arkansas 1 - Northwest Arkansas 0 |
| BOTTOM OF THE 2ND |
|
Northwest Arkansas Naturals batting - Pitching for Arkansas Travelers : RHP Robbie Delgado
|
|
Batting: RHB Danny Loyola
|
0-0: Called Strike 0-1: Ball 1-1: Ball 2-1: Foul Ball, location: 2F 2-2: Fly out, F7 (Flyball, 7S, EV 81.9 MPH)
|
|
Batting: LHB Robert Wilkins
|
0-0: Ball 1-0: Foul Ball, location: 2F 1-1: Foul Ball, location: 2F 1-2: Ball 2-2: Strikes out looking
|
|
Batting: RHB Javier Solis
|
0-0: Called Strike 0-1: Fly out, F4 (Popup, 4, EV 74.4 MPH)
|
| Bottom of the 2nd over - 0 runs, 0 hits, 0 errors, 0 left on base; Arkansas 1 - Northwest Arkansas 0 |
| TOP OF THE 3RD |
|
Arkansas Travelers batting - Pitching for Northwest Arkansas Naturals : RHP Josh Cornishen
|
|
Batting: RHB David Young
|
0-0: Called Strike 0-1: Called Strike 0-2: Strikes out swinging
|
|
Batting: RHB Roberto Martinez
|
0-0: Ball 1-0: Swinging Strike 1-1: Ground out 6-3 (Groundball, 6MD, EV 100.0 MPH)
|
|
Batting: RHB Andres Mendiola
|
0-0: Ball 1-0: Ball 2-0: SINGLE (Groundball, 6MD, EV 102.5 MPH)
|
|
Batting: RHB Jasper Burd
|
0-0: Ball 1-0: Ball 2-0: Foul Ball, location: 2F 2-1: Swinging Strike 2-2: Ball 3-2: Fly out, F9 (Line Drive, 9D, EV 90.6 MPH)
|
| Top of the 3rd over - 0 runs, 1 hit, 0 errors, 1 left on base; Arkansas 1 - Northwest Arkansas 0 |
| BOTTOM OF THE 3RD |
|
Northwest Arkansas Naturals batting - Pitching for Arkansas Travelers : RHP Robbie Delgado
|
|
Batting: RHB Tomas Raya
|
0-0: Fly out, F8 (Flyball, 8RS, EV 82.5 MPH)
|
|
Batting: RHB Egidius Kruger
|
0-0: Called Strike 0-1: Ground out 5-3 (Groundball, 56S, EV 70.0 MPH)
|
|
Batting: RHB Doug Carter
|
0-0: Swinging Strike 0-1: Ball 1-1: Ball 2-1: Foul Ball, location: 2F 2-2: Foul Ball, location: 2F 2-2: Strikes out swinging
|
| Bottom of the 3rd over - 0 runs, 0 hits, 0 errors, 0 left on base; Arkansas 1 - Northwest Arkansas 0 |
| TOP OF THE 4TH |
|
Arkansas Travelers batting - Pitching for Northwest Arkansas Naturals : RHP Josh Cornishen
|
|
Batting: SHB Mario Padron
|
0-0: Ball 1-0: SINGLE (Line Drive, 3D, EV 96.9 MPH)
|
|
Batting: LHB Matt Calitri
|
0-0: Ball Mario Padron is caught stealing 2nd base 2-6 1-0: Called Strike 1-1: Foul Ball, location: 2F 1-2: Ground out 4-3 (Groundball, 4, EV 91.9 MPH)
|
|
Batting: LHB Tyler Meier
|
0-0: Foul Ball, location: 2F 0-1: Foul Ball, location: 2F 0-2: Ball 1-2: Foul Ball, location: 2F 1-2: Strikes out looking
|
| Top of the 4th over - 0 runs, 1 hit, 0 errors, 0 left on base; Arkansas 1 - Northwest Arkansas 0 |
| BOTTOM OF THE 4TH |
|
Northwest Arkansas Naturals batting - Pitching for Arkansas Travelers : RHP Robbie Delgado
|
|
Batting: SHB Jarrod Lindblad
|
0-0: Called Strike 0-1: Ball 1-1: Ball 2-1: Foul Ball, location: 2F 2-2: Ground out 4-3 (Groundball, 4, EV 84.4 MPH)
|
|
Batting: RHB Gavin Jones
|
0-0: Called Strike 0-1: Swinging Strike 0-2: Ball 1-2: Ball 2-2: SINGLE (Line Drive, 6MD, EV 103.8 MPH)
|
|
Batting: RHB Walt Cogswell
|
0-0: Ball Gavin Jones steals 2nd base 1-0: Called Strike 1-1: Fly out, F7 (Flyball, 78M, EV 90.0 MPH)
|
|
Batting: RHB Danny Loyola
|
0-0: SINGLE (Groundball, 3D, EV 98.1 MPH) Gavin Jones to third Runner from 3rd tries for Home, SAFE, throw by RF to home
|
|
Batting: LHB Robert Wilkins
|
0-0: Called Strike 0-1: Ball 1-1: SINGLE (Groundball, 6MS, EV 68.1 MPH) (infield hit) Danny Loyola to second
|
|
Batting: RHB Javier Solis
|
0-0: Ball 1-0: Swinging Strike 1-1: Foul Ball, location: 2F 1-2: SINGLE (Flyball, 6D, EV 94.4 MPH) Danny Loyola to third Robert Wilkins to second Runner from 3rd tries for Home, SAFE, throw by LF to home
|
|
Batting: RHB Tomas Raya
|
0-0: Fly out, F9 (Line Drive, 9D, EV 99.4 MPH)
|
| Bottom of the 4th over - 2 runs, 4 hits, 0 errors, 2 left on base; Arkansas 1 - Northwest Arkansas 2 |
| TOP OF THE 5TH |
|
Arkansas Travelers batting - Pitching for Northwest Arkansas Naturals : RHP Josh Cornishen
|
|
Batting: LHB Barrfhionn O'Toole
|
0-0: Called Strike 0-1: Ball 1-1: Ball 2-1: Foul Ball, location: 2F 2-2: Fly out, F4 (Popup, 4, EV 70.6 MPH)
|
|
Batting: LHB Sean Corderman
|
0-0: Ball 1-0: Called Strike 1-1: Swinging Strike 1-2: Fly out, F5 (Popup, 6S, EV 80.0 MPH)
|
|
Batting: RHB David Young
|
0-0: Ball 1-0: Ground out U3 (Groundball, 34, EV 76.9 MPH)
|
| Top of the 5th over - 0 runs, 0 hits, 0 errors, 0 left on base; Arkansas 1 - Northwest Arkansas 2 |
| BOTTOM OF THE 5TH |
|
Northwest Arkansas Naturals batting - Pitching for Arkansas Travelers : RHP Robbie Delgado
|
|
Batting: RHB Egidius Kruger
|
0-0: Ground out 5-3 (Groundball, 56, EV 103.8 MPH)
|
|
Batting: RHB Doug Carter
|
0-0: Fly out, F8 (Flyball, 8RD, EV 106.9 MPH)
|
|
Batting: SHB Jarrod Lindblad
|
0-0: Foul Ball, location: 2F 0-1: Ball 1-1: Ball 2-1: Fly out, F8 (Flyball, 89M, EV 78.1 MPH)
|
| Bottom of the 5th over - 0 runs, 0 hits, 0 errors, 0 left on base; Arkansas 1 - Northwest Arkansas 2 |
| TOP OF THE 6TH |
|
Arkansas Travelers batting - Pitching for Northwest Arkansas Naturals : RHP Josh Cornishen
|
|
Batting: RHB Roberto Martinez
|
0-0: Foul Ball, location: 2F 0-1: Fly out, F7 (Flyball, 7D, EV 100.6 MPH)
|
|
Batting: RHB Andres Mendiola
|
0-0: Ball 1-0: Ball 2-0: Ball 3-0: Called Strike 3-1: Called Strike 3-2: SINGLE (Groundball, 3S, EV 64.4 MPH) (infield hit)
|
|
Pitching: RHP Jarred Young
|
|
|
Batting: RHB Jasper Burd
|
Pickoff Throw to First - Out! 1-3 0-0: Ball 1-0: Ball 2-0: Called Strike 2-1: Called Strike 2-2: Foul Ball, location: 2F 2-2: Foul Ball, location: 2F 2-2: Foul Ball, location: 2F 2-2: Ball 3-2: Foul Ball, location: 2F 3-2: Base on Balls
|
|
Batting: SHB Mario Padron
|
0-0: Ball Wild Pitch! Jasper Burd to second 1-0: Swinging Strike 1-1: Ball 2-1: Foul Ball, location: 2F 2-2: Ball 3-2: Foul Ball, location: 2F 3-2: Foul Ball, location: 2F 3-2: Foul Ball, location: 2F 3-2: Base on Balls
|
|
Pitching: RHP Arturo Rojas
|
|
|
Batting: LHB Matt Calitri
|
0-0: Foul Ball, location: 2F 0-1: Reached on error, E2 (Groundball, 2L, EV 74.4 MPH) Jasper Burd scores Mario Padron to third
|
|
Batting: LHB Tyler Meier
|
0-0: Swinging Strike 0-1: Called Strike 0-2: Strikes out looking
|
| Top of the 6th over - 1 run, 1 hit, 1 error, 2 left on base; Arkansas 2 - Northwest Arkansas 2 |
| BOTTOM OF THE 6TH |
|
Northwest Arkansas Naturals batting - Pitching for Arkansas Travelers : RHP Robbie Delgado
|
|
Batting: RHB Gavin Jones
|
0-0: Fly out, F4 (Flyball, 6MD, EV 91.3 MPH)
|
|
Batting: RHB Walt Cogswell
|
0-0: Ball 1-0: Fly out, F7 (Flyball, 7D, EV 94.4 MPH)
|
|
Batting: RHB Danny Loyola
|
0-0: Ball 1-0: Ball 2-0: Ball 3-0: Base on Balls
|
|
Batting: LHB Robert Wilkins
|
0-0: Ball Danny Loyola steals 2nd base 1-0: Fly out, F4 (Line Drive, 4, EV 66.3 MPH)
|
| Bottom of the 6th over - 0 runs, 0 hits, 0 errors, 1 left on base; Arkansas 2 - Northwest Arkansas 2 |
| TOP OF THE 7TH |
|
Arkansas Travelers batting - Pitching for Northwest Arkansas Naturals : RHP Arturo Rojas
|
|
Batting: LHB Barrfhionn O'Toole
|
0-0: Ball 1-0: Ball 2-0: Swinging Strike 2-1: Foul Ball, location: 2F 2-2: Ball 3-2: Strikes out looking
|
|
Batting: LHB Sean Corderman
|
0-0: Ball 1-0: Called Strike 1-1: Ball 2-1: Ball 3-1: Base on Balls
|
|
Batting: RHB David Young
|
0-0: Ball 1-0: Called Strike 1-1: Foul Ball, location: 2F 1-2: Ball 2-2: Strikes out swinging
|
|
Pitching: RHP Vinny Reveles
|
|
|
Batting: RHB Roberto Martinez
|
0-0: Called Strike 0-1: Called Strike 0-2: Foul Ball, location: 2F 0-2: Strikes out swinging
|
| Top of the 7th over - 0 runs, 0 hits, 0 errors, 1 left on base; Arkansas 2 - Northwest Arkansas 2 |
| BOTTOM OF THE 7TH |
|
Northwest Arkansas Naturals batting - Pitching for Arkansas Travelers : RHP Robbie Delgado
|
|
Batting: RHB Javier Solis
|
0-0: Called Strike 0-1: Ball 1-1: Ball 2-1: Ball 3-1: Swinging Strike 3-2: Strikes out swinging
|
|
Pitching: RHP Erick Vazquez
|
|
|
Batting: RHB Tomas Raya
|
0-0: Ball 1-0: Fly out, F8 (Flyball, 8RM, EV 86.3 MPH)
|
|
Batting: RHB Egidius Kruger
|
0-0: Called Strike 0-1: Foul Ball, location: 2F 0-2: Ball 1-2: Strikes out swinging
|
| Bottom of the 7th over - 0 runs, 0 hits, 0 errors, 0 left on base; Arkansas 2 - Northwest Arkansas 2 |
| TOP OF THE 8TH |
|
Arkansas Travelers batting - Pitching for Northwest Arkansas Naturals : RHP Vinny Reveles
|
|
Batting: RHB Andres Mendiola
|
0-0: Called Strike 0-1: Ball 1-1: Called Strike 1-2: Strikes out swinging
|
|
Batting: RHB Jasper Burd
|
0-0: Ball 1-0: Swinging Strike 1-1: Foul Ball, location: 2F 1-2: Strikes out swinging
|
|
Batting: SHB Mario Padron
|
0-0: Ball 1-0: Called Strike 1-1: Ball 2-1: SINGLE (Line Drive, 3D, EV 109.4 MPH)
|
|
Batting: LHB Matt Calitri
|
0-0: Ball 1-0: Ball 2-0: Called Strike 2-1: Called Strike 2-2: Fly out, F9 (Line Drive, 9D, EV 90.0 MPH)
|
| Top of the 8th over - 0 runs, 1 hit, 0 errors, 1 left on base; Arkansas 2 - Northwest Arkansas 2 |
| BOTTOM OF THE 8TH |
|
Northwest Arkansas Naturals batting - Pitching for Arkansas Travelers : RHP Erick Vazquez
|
|
Pitching: RHP Jason Smallwood
|
|
|
Batting: RHB Doug Carter
|
0-0: Called Strike 0-1: Foul Ball, location: 2F 0-2: Foul Ball, location: 2F 0-2: Hit by Pitch
|
|
Batting: SHB Jarrod Lindblad
|
0-0: Ball 1-0: Bunted foul 1-1: Called Strike Doug Carter steals 2nd base 1-2: Ball 2-2: Ball 3-2: Intentional Walk
|
|
Batting: RHB Gavin Jones
|
0-0: Ball Doug Carter steals 3rd base Jarrod Lindblad to second 1-0: Ball 2-0: Foul Ball, location: 2F 2-1: Swinging Strike 2-2: SINGLE (Groundball, 5L, EV 86.9 MPH) (infield hit) Doug Carter scores Jarrod Lindblad to third
|
|
Batting: RHB Walt Cogswell
|
0-0: Ball 1-0: Swinging Strike 1-1: Ball 2-1: Foul Ball, location: 2F 2-2: Ground out 5-3 (Groundball, 56, EV 82.5 MPH) Gavin Jones to second
|
|
Batting: RHB Danny Loyola
|
0-0: Called Strike 0-1: SINGLE (Groundball, 6MD, EV 101.3 MPH) Jarrod Lindblad scores Gavin Jones to third Throwing error, E8 Gavin Jones scores Danny Loyola to second
|
|
Pitching: RHP Chad Baxter
|
|
|
Batting: LHB Robert Wilkins
|
0-0: Called Strike 0-1: Ground out 6-3 (Groundball, 6, EV 88.8 MPH) Danny Loyola to third
|
|
Batting: RHB Javier Solis
|
0-0: Ball 1-0: Ball 2-0: SINGLE (Groundball, 6MD, EV 101.9 MPH) Danny Loyola scores
|
|
Batting: RHB Tomas Raya
|
0-0: Ball 1-0: Ball 2-0: SINGLE (Line Drive, 78M, EV 103.1 MPH) Javier Solis to second
|
|
Batting: RHB Egidius Kruger
|
0-0: Ball 1-0: Called Strike 1-1: Swinging Strike 1-2: Ball 2-2: Strikes out looking
|
| Bottom of the 8th over - 4 runs, 4 hits, 1 error, 2 left on base; Arkansas 2 - Northwest Arkansas 6 |
| TOP OF THE 9TH |
|
Arkansas Travelers batting - Pitching for Northwest Arkansas Naturals : RHP Vinny Reveles
|
|
Pitching: RHP Andrew Tipton
|
|
|
Batting: LHB Tyler Meier
|
0-0: Ball 1-0: Called Strike 1-1: Fly out, F5 (Popup, 6S, EV 68.8 MPH)
|
|
Batting: LHB Barrfhionn O'Toole
|
0-0: Foul Ball, location: 2F 0-1: Called Strike 0-2: Ground out 6-3 (Groundball, 6, EV 80.0 MPH)
|
|
Batting: LHB Sean Corderman
|
0-0: Ball 1-0: Called Strike 1-1: Hit by Pitch
|
|
Batting: RHB David Young
|
0-0: Called Strike 0-1: Ground out U3 (Groundball, 3, EV 83.8 MPH)
|
| Top of the 9th over - 0 runs, 0 hits, 0 errors, 1 left on base; Arkansas 2 - Northwest Arkansas 6 |
|